 Dungeon Crawl Stone Soup version 0.19-a0-1886-gd64a0f0 (webtiles) character file.

123 Alarkh the Caller (level 4, -4/27 HPs)
             Began as a Mummy Summoner on Oct 16, 2016.
             Was a Follower of Hepliaklqana.
             Killed by divine providence
             ... invoked by an orc priest
              (14 damage)
             ... on level 3 of the Dungeon.
             The game lasted 00:05:15 (4011 turns).

Alarkh the Caller (Mummy Summoner)                  Turns: 4011, Time: 00:05:16

Health: -4/27      AC:  2    Str: 11    XL:     4   Next: 80%
Magic:  4/9        EV: 11    Int: 15    God:    Hepliaklqana [*.....]
Gold:   209        SH:  0    Dex: 16    Spells: 2 memorised, 6 levels left

rFire  x . .     SeeInvis .     a - +1 morningstar
rCold  + . .     Gourm    .     g - +0 robe
rNeg   + + +     Faith    .     (no shield)
rPois  ∞         Spirit   .     (no helmet)
rElec  .         Dismiss  .     (no cloak)
rCorr  .         Reflect  .     (no gloves)
MR     .....     Harm     .     (no boots)
Stlth  +......... Rnd*Tele +    (no amulet)
                                j - +4 ring of dexterity
                                d - ring of teleportation (curse)

@: heavily drained
A: no food or potions, fire vulnerability, reduced essence, cold resistance 1,
negative energy resistance 3, torment resistance, unbreathing
a: Recall Ancestor, Ancestor Identity, Renounce Religion


You were on level 3 of the Dungeon.
You worshipped Hepliaklqana.
Hepliaklqana was aware of your devotion.
You were not hungry.

You visited 1 branch of the dungeon, and saw 4 of its levels.

You collected 209 gold pieces.

Inventory:

Hand Weapons
 a - a +1 morningstar (weapon)
 c - a +0 dagger
Armour
 g - a +0 robe (worn)
Jewellery
 d - a cursed ring of teleportation (left hand)
 j - a +4 ring of dexterity (right hand)
 p - an uncursed amulet of harm
Wands
 m - a wand of confusion (14/48)
Scrolls
 e - a scroll of identify
 f - 2 scrolls of fear
 h - 2 scrolls of enchant weapon
 i - 3 scrolls of random uselessness
 k - a scroll of magic mapping
 l - a scroll of amnesia
 n - a scroll of fog
 o - 2 scrolls of immolation
 q - a scroll of enchant armour
 r - a scroll of noise
Books
 b - a book of Callings

   Spells                             Type                      Level
   a - Summon Small Mammal            Summoning                    1
   b - Call Imp                       Summoning                    2
   c - Call Canine Familiar           Summoning                    3
   d - Summon Guardian Golem          Hexes/Summoning              3
   e - Summon Lightning Spire         Summoning/Air                4
   f - Summon Ice Beast               Ice/Summoning                4


   Skills:
 - Level 1.5(0.1) Dodging
 - Level 1.5(0.1) Stealth
 + Level 3.5(2.0) Spellcasting
 + Level 4.3(2.7) Summonings


You had 6 spell levels left.
You knew the following spells:

 Your Spells              Type           Power        Failure   Level  Hunger
a - Call Canine Familiar  Summ           #.......     24%         3    N/A
b - Summon Small Mammal   Summ           #...         10%         1    N/A

Dungeon Overview and Level Annotations

Branches:
Dungeon (4/15)
 Temple: D:4-7

Altars:
Hepliaklqana
Qazlal
Uskayaw


Innate Abilities, Weirdness & Mutations

You do not eat or drink.
Your flesh is vulnerable to fire.
You are immune to poison.
Your flesh is cold resistant. (rC+)
You are immune to negative energy. (rN+++)
You are immune to unholy pain and torment.
You can survive without breathing.
Your life essence is reduced. (-10% HP)


Message History

The orc priest hits you but does no damage.
The orc priest hits Aula with a hand axe.
The orc priest hits your rat with a hand axe.
Your rat dies!
Your rat's corpse disappears in a puff of smoke!
Aula closely misses the orc priest.
You swap places.
Your bat closely misses the orc priest.
Your bat barely misses the orc priest.
The orc priest barely misses your bat.
The orc priest hits Aula with a hand axe.
The orc priest closely misses your hound.
Aula closely misses the orc priest.
Your hound bites the orc priest but does no damage.
Your bat hits the orc priest but does no damage.
Your bat closely misses the orc priest.
Your hound barely misses the orc priest.
Aula hits the orc priest.
The orc priest calls down the wrath of Beogh upon you.
Beogh smites you!
Ouch! That really hurt!
You die...

#.##.....^......
#.##.###########
###########...............
#............#.###########
##.#########.#.##..!# #..
#.#########.#.##...####.#
#...........#.##.........
##############.#..........
#........@.boR...!........
##.##########h###.........
#.# #..................
#.# #.###....†.##.....†
#.# #.# #......##......
#.# #.###......##......
#.#####.##.......########
#.......##...≈♣..#
#.########...P≈###


You could see the friendly Aula the ancestor, an orc priest, a friendly hound
and a friendly bat.

Vanquished Creatures
  A gnoll (D:1)
  2 adders
  2 worms
  A dart slug (D:1)
  3 leopard geckos
  A giant cockroach (D:1)
  3 goblins
  2 hobgoblins (D:2)
  A jackal (D:3)
  A quokka (D:3)
  5 bats
  2 frilled lizards
  6 kobolds
  7 rats
37 creatures vanquished.

Vanquished Creatures (collateral kills)
  Jessica (D:2)
  Terence (D:2)
  An ooze (D:1)
  3 giant cockroaches
  7 hobgoblins
  6 jackals (D:3)
  2 quokkas
  3 bats
  5 frilled lizards (D:2)
  4 goblins
  2 kobolds (D:1)
  A rat (D:1)
36 creatures vanquished.

Grand Total: 73 creatures vanquished

Notes
Turn   | Place    | Note
-------+----------+-------------------------------------------
     0 | D:1      | Alarkh the Mummy Summoner began the quest for the Orb.
     0 | D:1      | Reached XP level 1. HP: 13/13 MP: 3/3
  1036 | D:1      | Reached XP level 2. HP: 6/19 MP: 0/5
  1770 | D:2      | Reached XP level 3. HP: 22/24 MP: 4/7
  1775 | D:2      | Learned a level 3 spell: Call Canine Familiar
  1803 | D:2      | Noticed Jessica
  1809 | D:2      | Killed Jessica
  2480 | D:2      | Found a hide-covered altar of Uskayaw.
  2492 | D:2      | Found a hazy altar of Hepliaklqana.
  2501 | D:2      | Became a worshipper of Hepliaklqana the Forgotten
  2549 | D:2      | Noticed Terence
  2560 | D:2      | Killed Terence
  2560 | D:2      | Reached skill level 4 in Summonings
  2560 | D:2      | Reached XP level 4. HP: 8/27 MP: 5/8
  2982 | D:3      | Found a faded altar of an unknown god.
  3039 | D:3      | Reached * piety under Hepliaklqana
  3041 | D:3      | Found a stormy altar of Qazlal.
  4011 | D:3      | Killed from afar by an orc priest

Vault maps used:
D:1:      minmay_arrival_hallway, grunt_decor_one_mirror
D:2:      lemuel_crystal_altar, overflow_temple_1_default, first_bread,
          minmay_randomly_rotated_circles, uniq_jessica, uniq_terence
D:3:      lemuel_crystal_altar, ecumenical_altar_2, serial_bayou_ford_a
D:4:      overflow_temple_1_default, kennysheep_little_box,
          overflow_temple_1_default, uniq_duvessa

Skill      XL: |  1  2  3 |
---------------+----------+-----
Spellcasting   | 3 |  3.5
Summonings     | 4 |  4.3
Dodging        | |  1.5
Stealth        | |  1.5

Action                   |  1- 3 |  4- 6 || total
-------------------------+-------+-------++-------
Melee: Dagger            |    57 |       ||    57
       Morningstar       |    34 |    49 ||    83
 Cast: Summon Small Mamm |    35 |     3 ||    38
       Call Canine Famil |    10 |     9 ||    19
Invok: Ancestor Identity |     1 |       ||     1
  Use: Scroll            |     3 |     6 ||     9
 Stab: Sleeping          |     1 |     1 ||     2
Armor: Robe              |    17 |    10 ||    27
Dodge: Dodged            |    83 |    38 ||   121
